Map: Frozen Temple

Players

VampyWorm

  • Race: Protoss Protoss
  • League: Master

Trizztein - Winner!

  • Race: Terran Terran
  • League: Diamond

VOD

Have the link to the VOD?

Description

Time

  • Played on: Aug. 6, 2016, 1:21 p.m.
  • Length: 22:13
Show
View Real Time Build Order
Export as new Build Order

VampyWorm Protoss 

Build Orders: 1 Gate Expand, Blink Stalkers 

Get SALT Encoding   

  12  0:01  Probe (Chrono Boost)  
  13  0:11  Probe (Chrono Boost)  
  14  0:18  Pylon  
  14  0:22  Probe (Chrono Boost)  
  15  0:36  Probe (Chrono Boost)  
  15  0:38  Gateway  
  16  0:43  Assimilator  
  16  0:47  Probe (Chrono Boost)  
  17  0:57  Probe (Chrono Boost)  
  18  1:08  Probe (Chrono Boost)  
  19  1:25  Nexus  
  19  1:30  Cybernetics Core  
  19  1:35  Assimilator  
  19  1:41  Probe (Chrono Boost)  
  20  1:47  Pylon  
  20  2:00  Probe (Chrono Boost)  
  21  2:07  Adept  
  23  2:11  Mothership Core (Chrono Boost)  
  25  2:17  Warp Gate  
  26  2:30  Probe (Chrono Boost)  
  26  2:38  Twilight Council  
  26  2:40  Probe x2 (Chrono Boost)  
  28  2:50  Probe (Chrono Boost)  
  28  2:51  Probe (Chrono Boost)  
  30  2:56  Robotics Facility  
  30  3:01  Probe x2 (Chrono Boost)  
  32  3:06  Blink  
  32  3:11  Probe (Chrono Boost)  
  32  3:12  Probe (Chrono Boost)  
  34  3:28  Gateway  
  34  3:31  Gateway  
  34  3:41  Gateway  
  34  3:42  Warp Prism  
  36  3:55  Pylon  
  37  3:56  Probe (Chrono Boost)  
  37  3:59  Probe (Chrono Boost)  
  38  4:07  Pylon  
  38  4:08  Probe (Chrono Boost)  
  40  4:11  Probe (Chrono Boost)  
  40  4:16  Observer  
  40  4:20  Probe (Chrono Boost)  
  43  4:25  Probe (Chrono Boost)  
  43  4:26  Pylon  
  43  4:28  Pylon  
  44  4:32  Stalker, Probe (Chrono Boost)  
  44  4:33  Stalker  
  44  4:38  Probe (Chrono Boost)  
  49  4:45  Probe (Chrono Boost)  
  49  4:50  Stalker, Probe (Chrono Boost)  
  49  4:51  Observer  
  52  4:57  Probe (Chrono Boost)  
  54  5:02  Probe (Chrono Boost)  
  54  5:05  Stalker x3  
  61  5:15  Pylon  
  61  5:27  Immortal  
  61  5:31  Probe (Chrono Boost)  
  61  5:32  Assimilator  
  66  5:45  Stalker x4  
  74  5:53  Probe x2 (Chrono Boost)  
  76  5:58  Nexus  
  78  6:04  Immortal, Assimilator  
  78  6:05  Probe (Chrono Boost)  
  78  6:06  Probe (Chrono Boost)  
  82  6:18  Probe x2 (Chrono Boost), Adept  
  86  6:24  Pylon  
  86  6:25  Pylon  
  86  6:38  Immortal  
  86  6:44  Probe x2 (Chrono Boost), Adept x3  
  97  6:56  Probe (Chrono Boost)  
  97  7:00  Adept  
  82  7:24  Immortal  
  82  7:27  Adept x2  
  82  7:28  Probe (Chrono Boost), Adept x2  
  93  7:32  Gateway  
  93  7:35  Gateway, Probe (Chrono Boost)  
  93  7:36  Probe (Chrono Boost)  
  87  7:37  Gateway  
  87  7:46  Probe (Chrono Boost)  
  87  7:47  Probe (Chrono Boost)  
  87  7:50  Forge, Probe (Chrono Boost)  
  90  7:53  Pylon, Adept x4  
  98  8:00  Probe (Chrono Boost)  
  98  8:01  Probe (Chrono Boost), Assimilator  
  98  8:02  Probe (Chrono Boost)  
  98  8:03  Pylon  
  98  8:04  Immortal  
  101  8:11  Dark Shrine, Pylon  
  105  8:21  Adept x4  
  113  8:36  Protoss Ground Armor Level 1  
  113  8:38  Immortal  
  111  8:45  Adept x4  
  118  9:08  Pylon  
  118  9:13  Pylon  
  108  9:50  Adept  
  110  10:03  Resonating Glaives  
  110  10:05  Nexus  
  110  10:07  Pylon x2  
  110  10:10  Pylon  
  110  10:13  Pylon  
  108  10:22  Immortal  
  108  10:25  Adept x2  
  108  10:26  Adept x2  
  80  10:49  Adept x4  
  83  10:57  Probe (Chrono Boost)  
  79  11:10  Immortal, Adept x4  
  79  11:11  Protoss Ground Weapons Level 1  
  88  11:18  Probe (Chrono Boost)  
  88  11:20  Probe (Chrono Boost)  
  88  11:21  Gateway, Probe (Chrono Boost)  
  88  11:23  Gateway  
  88  11:25  Gateway  
  90  11:31  Probe (Chrono Boost)  
  91  11:33  Stalker x2  
  91  11:34  Stalker x2  
  99  11:45  Immortal  
  89  11:59  Probe x2 (Chrono Boost)  
  91  12:02  Stalker x2, Gateway  
  91  12:03  Adept x2  
  99  12:19  Immortal  
  99  12:26  Stargate x2  
  103  12:30  Assimilator  
  103  12:33  Assimilator  
  103  12:38  Nexus  
  102  12:45  Stalker, Adept x2  
  102  12:46  Stalker, Dark Templar x2  
  102  12:50  Archon  
  116  12:53  Immortal  
  116  12:57  Mothership Core (Chrono Boost)  
  122  13:10  Fleet Beacon  
  120  13:22  Dark Templar x2, Adept x2  
  120  13:23  Dark Templar  
  130  13:36  Pylon  
  130  13:38  Protoss Ground Weapons Level 2  
  126  13:45  Immortal  
  130  13:59  Forge  
  131  14:03  Probe (Chrono Boost)  
  131  14:08  Dark Templar x2  
  131  14:09  Adept  
  137  14:10  Adept  
  137  14:12  Archon x2, Dark Templar  
  137  14:15  Archon  
  141  14:18  Tempest  
  141  14:20  Tempest  
  141  14:24  Protoss Ground Armor Level 2, Probe (Chrono Boost)  
  151  14:34  Assimilator  
  149  14:44  Gateway  
  149  14:45  Pylon  
  149  14:49  Assimilator  
  149  14:51  Pylon  
  149  14:52  Stalker  
  151  14:55  Tempest, Pylon  
  151  15:01  Tempest  
  159  15:17  Adept x3  
  165  15:25  Adept  
  167  15:33  Oracle  
  167  15:38  Tempest  
  163  16:00  Adept x7  
  163  16:01  Adept  
  105  16:21  Adept  
  105  16:22  Adept x2  
  105  16:23  Stalker x3  
  107  16:32  Adept x2  
  111  16:37  Tempest  
  115  16:49  Dark Templar x2  
  96  17:03  Probe (Chrono Boost)  
  96  17:07  Stalker  
  95  17:34  Stalker x4  
  95  17:49  Stalker x2  
  95  17:50  Stalker, Adept x2  
  97  17:59  Immortal  
  97  18:05  Tempest  
  85  18:21  Tempest  
  75  18:35  Dark Templar  
  77  18:44  Tempest  
  77  18:54  Nexus  
  81  18:57  Adept  
  81  18:58  Adept  
  85  19:12  Adept x2  
  85  19:13  Stalker  
  95  19:17  Probe x3 (Chrono Boost)  
  95  19:18  Probe (Chrono Boost)  
  95  19:25  Adept  
  95  19:26  Adept  
  95  19:29  Probe x2 (Chrono Boost)  
  101  19:32  Dark Templar  
  101  19:36  Archon  
  101  19:37  Adept  
  105  19:39  Stalker  
  107  19:55  Probe x3 (Chrono Boost)  
  107  19:57  Probe (Chrono Boost)  
  111  20:03  Dark Templar x2  
  116  20:07  Probe (Chrono Boost)  
  116  20:08  Stalker  
  116  20:10  Archon  
  118  20:20  Pylon  
  116  20:38  Stalker x2  
  116  20:39  Stalker, Dark Templar  
  116  20:41  Stalker  
  126  20:43  Stalker  
  128  21:05  Stalker x2, Adept x3  
  128  21:06  Stalker  
  140  21:30  Stalker x2, Adept x2  
  140  21:31  Stalker x3  
Show
View Real Time Build Order
Export as new Build Order

Trizztein Terran - Winner!

Build Orders: Reaper Expand, MMM Bio 

Get SALT Encoding   

  12  0:00  SCV  
  13  0:13  SCV  
  14  0:18  Supply Depot  
  14  0:25  SCV  
  15  0:40  SCV  
  15  0:41  Barracks  
  16  0:46  Refinery  
  16  0:52  SCV  
  18  1:04  SCV  
  18  1:16  SCV  
  19  1:29  Orbital Command, Reaper  
  20  1:46  Command Center  
  20  1:57  Supply Depot  
  20  1:59  SCV  
  21  2:03  Barracks Reactor  
  21  2:11  SCV  
  22  2:23  SCV  
  23  2:36  SCV  
  24  2:37  Command Center  
  24  2:40  Marine x2  
  26  2:49  Factory  
  26  2:56  SCV  
  26  2:57  Marine  
  26  2:58  Marine  
  29  3:03  Orbital Command  
  29  3:11  Refinery  
  29  3:12  SCV  
  30  3:15  Marine  
  30  3:16  Marine  
  32  3:24  SCV  
  33  3:28  SCV  
  34  3:35  Factory Tech Lab  
  34  3:36  SCV  
  34  3:38  Barracks  
  34  3:41  SCV  
  36  3:42  Marine  
  36  3:47  Marine  
  36  3:48  SCV  
  39  3:52  Orbital Command  
  39  3:53  SCV  
  40  3:58  Bunker  
  40  4:00  SCV  
  41  4:03  Cyclone  
  41  4:06  SCV  
  46  4:12  SCV  
  46  4:15  Engineering Bay  
  47  4:18  Supply Depot  
  47  4:22  SCV x2, Marine x2  
  51  4:27  SCV  
  51  4:30  Orbital Command  
  52  4:32  Barracks Tech Lab  
  52  4:34  SCV x2  
  54  4:39  Barracks  
  54  4:44  Bunker  
  54  4:45  SCV  
  54  4:53  Marine x2, Bunker  
  54  4:54  Stimpack  
  54  4:58  Bunker  
  54  4:59  Siege Tank  
  59  5:02  SCV  
  59  5:03  SCV  
  59  5:04  SCV  
  62  5:08  Refinery  
  62  5:15  SCV x2  
  63  5:23  SCV  
  63  5:27  SCV x2  
  63  5:29  Marine x2  
  63  5:33  Barracks Tech Lab  
  65  5:40  Siege Tank  
  68  5:44  Terran Infantry Weapons Level 1  
  68  5:46  Starport  
  68  5:48  Supply Depot  
  68  5:56  Missile Turret  
  68  5:57  SCV  
  69  6:08  Refinery  
  69  6:09  Marine x2  
  69  6:10  SCV  
  72  6:12  Supply Depot  
  72  6:13  SCV  
  72  6:16  Marine  
  74  6:22  Missile Turret  
  74  6:26  SCV  
  74  6:28  SCV x2  
  77  6:36  Medivac  
  77  6:38  SCV  
  79  6:40  SCV  
  80  6:59  Marine x4  
  80  7:00  Combat Shields  
  84  7:07  Medivac  
  80  7:17  Marine x3  
  80  7:18  Marauder  
  80  7:31  SCV x3  
  80  7:35  Marine x2  
  85  7:41  Terran Infantry Armor Level 1  
  85  7:42  Supply Depot  
  85  7:51  Marine x2, Barracks, Supply Depot  
  85  7:52  SCV, Marine, Barracks  
  85  7:53  Marine  
  90  8:09  Marine x2  
  90  8:10  SCV x2  
  90  8:11  Marine x2  
  90  8:12  Siege Tank  
  99  8:13  Starport Reactor  
  99  8:18  Armory  
  99  8:19  Engineering Bay, Starport  
  99  8:27  Marine x2  
  99  8:29  Marine x2  
  103  8:42  Supply Depot x2  
  103  8:44  Siege Tank  
  103  8:45  Marine x2, Orbital Command  
  103  8:47  Marine  
  103  8:48  Marine  
  100  8:57  Supply Depot  
  100  9:02  Marine  
  100  9:03  Marine  
  100  9:04  Marine  
  100  9:05  Marine  
  104  9:11  SCV x3  
  107  9:20  Marine x2  
  107  9:22  Marine  
  107  9:23  Marine  
  98  9:38  Marine x2  
  98  9:40  Marine, Liberator x2  
  98  9:41  Marine  
  87  9:50  SCV  
  85  9:53  Concussive Shells  
  85  9:54  Barracks Tech Lab  
  85  9:55  Barracks Reactor  
  85  9:56  Marine x2, Starport Reactor  
  85  9:58  SCV x2, Marine  
  85  9:59  Marine  
  97  10:00  Terran Vehicle Weapons Level 1  
  97  10:03  SCV  
  97  10:06  Terran Infantry Armor Level 2, Terran Infantry Weapons Level 2  
  98  10:11  SCV x2  
  98  10:13  Marine, Refinery  
  98  10:14  Marine x2  
  101  10:15  SCV  
  101  10:16  Missile Turret, Marine  
  101  10:17  Marine  
  104  10:23  SCV x2  
  90  10:31  Marine  
  90  10:32  Marine x2  
  90  10:34  Marine x4  
  82  10:43  Liberator x2  
  82  10:48  Marine  
  82  10:49  Marine x2  
  76  10:51  Marine  
  76  10:52  Marine x3  
  76  10:54  Siege Tank  
  80  11:03  Liberator x2  
  84  11:06  Marine  
  84  11:07  Marine x2  
  84  11:09  SCV, Marine  
  84  11:10  SCV x2, Marine  
  88  11:16  Marine x2  
  90  11:22  SCV x2  
  90  11:24  Marine  
  90  11:25  Marine  
  100  11:28  Siege Tank  
  100  11:29  Sensor Tower, Marine x3  
  106  11:34  Marine x2, Supply Depot, Command Center  
  106  11:37  Supply Depot  
  107  11:42  Marine  
  107  11:43  Marine  
  105  11:47  Marine  
  105  11:50  Marine x2  
  105  11:52  Marine x2  
  105  11:55  SCV x3  
  105  12:00  Marine  
  109  12:04  Starport  
  109  12:07  SCV x2  
  109  12:08  Ghost Academy, Terran Vehicle Weapons Level 2  
  111  12:10  SCV  
  111  12:11  Fusion Core  
  106  12:19  SCV  
  107  12:26  SCV x2  
  109  12:30  Command Center  
  109  12:31  SCV  
  110  12:38  SCV x2  
  112  12:47  Marine x7  
  112  12:50  SCV  
  120  12:52  Terran Infantry Weapons Level 3  
  120  12:53  Personal Cloaking  
  120  12:55  SCV  
  120  12:56  SCV  
  122  13:03  SCV  
  122  13:04  Marine x3, Ghost x2  
  122  13:05  Marine, Ghost  
  113  13:06  Siege Tank  
  113  13:09  SCV x2  
  118  13:15  SCV  
  118  13:16  Starport Tech Lab, Medivac  
  121  13:21  SCV x2  
  121  13:23  Refinery  
  123  13:50  Liberator  
  123  13:51  Liberator x2  
  122  14:09  Medivac  
  133  14:11  Marine x5  
  133  14:12  Marine x2  
  133  14:15  Supply Depot, Refinery  
  140  14:17  Refinery  
  140  14:28  Siege Tank  
  143  14:36  Marine x5  
  143  14:37  Marine, Ghost  
  151  14:51  Advanced Ballistics  
  151  14:54  Marine x4  
  151  14:57  Marine x2  
  157  15:00  Siege Tank  
  157  15:05  Marine  
  161  15:12  Marine x3  
  164  15:14  Marine, Ghost x2  
  169  15:23  Marine  
  170  15:30  Marine x2  
  171  15:41  Planetary Fortress  
  170  16:03  Marine x3  
  170  16:04  Marine x4  
  146  16:13  Viking x4  
  146  16:14  Viking  
  141  16:21  Marine x4  
  141  16:22  Marine, Marauder x2  
  144  16:30  Missile Turret  
  138  16:36  Siege Tank  
  138  16:39  Marine x5  
  145  16:43  Marine, Viking  
  149  16:47  Command Center  
  149  16:50  Command Center, Viking x3  
  147  16:55  Marine  
  147  16:57  Marine x3, Viking  
  147  16:58  Marine x2  
  147  17:01  Marine  
  122  17:13  Marine, Viking  
  122  17:14  Marine  
  118  17:17  Marauder  
  118  17:20  Viking  
  112  17:26  Marine x3  
  112  17:28  Marine  
  106  17:31  Marine  
  106  17:32  Marine  
  106  17:34  Viking  
  106  17:35  Viking  
  104  17:37  Marine  
  104  17:43  Viking  
  98  17:44  Marine x3  
  98  17:46  Marine  
  98  17:49  Marine  
  98  17:50  Marine  
  101  17:52  Siege Tank  
  101  17:55  Marine  
  97  18:02  Marine x3  
  97  18:03  Marine  
  94  18:07  Marine  
  94  18:08  Marine  
  89  18:13  Marine  
  89  18:14  Viking x2  
  89  18:15  SCV x2  
  88  18:25  Siege Tank  
  86  18:35  Marine x6  
  86  18:36  Marine  
  93  18:46  Starport Reactor  
  93  18:50  Liberator  
  93  18:53  Marine x7  
  93  18:54  SCV  
  101  19:06  Siege Tank  
  107  19:11  Marine x6  
  107  19:12  Orbital Command  
  107  19:16  Marine, Liberator  
  114  19:28  Marine  
  114  19:29  Marine x3  
  121  19:39  Hellion  
  121  19:42  SCV x2, Liberator  
  121  19:43  Liberator  
  124  19:57  Refinery  
  124  19:58  Sensor Tower  
  124  19:59  Liberator, Refinery  
  124  20:00  Viking  
  124  20:01  Viking  
  134  20:12  Siege Tank  
  134  20:13  Liberator  
  139  20:30  Viking  
  140  20:42  Viking x2  
  140  20:44  Siege Tank  
  147  20:50  Liberator  
  146  21:07  Viking  
  151  21:13  Marine x6  
  151  21:14  Marine  
  158  21:31  Marine x7  
  155  21:43  SCV x2  
  156  21:49  Marine x3  
  162  21:54  Marine  
  162  21:55  SCV  
  162  21:56  SCV  
Tags
 
Add a new tag
Caveats
  • Supply blocks, unpowered buildings, or Contaminate may cause inaccurate times.
  • Supply counts are checked every 10 seconds.